 Dungeon Crawl Stone Soup version 0.24-a0-189-g5d897e9 (webtiles) character file.

Game seed: 7831943978971342510

2065 Azzok the Firebug (level 9, -6/51 HPs)
             Began as an Octopode Fire Elementalist on Mar 16, 2019.
             Mangled by a mummy (16 damage)
             ... in an ossuary.
             The game lasted 00:13:21 (8632 turns).

Azzok the Firebug (Octopode Fire Elementalist)      Turns: 8632, Time: 00:13:22

Health: -6/51      AC:  1    Str:  7    XL:     9   Next: 26%
Magic:  6/18       EV: 13    Int: 21    God:
Gold:   234        SH:  0    Dex: 12    Spells: 8/21 levels left

rFire    + . .     SeeInvis .   y - staff of air
rCold    x . .     Gourm    .   (no shield)
rNeg     + . .     Faith    .   (helmet restricted)
rPois    .         Spirit   .   (no amulet)
rElec    +         Reflect  .   h - ring of fire
rCorr    .         Harm     .   j - ring of flight
MR       .....                  w - ring of positive energy
Stlth    +++.......             (no ring)
HPRegen  0.17/turn              (no ring)
MPRegen  0.16/turn              (no ring)
                                (no ring)
                                (no ring)

@: marked
A: almost no armour, stealthy swim, amphibious, 8 rings, constrict 8, camouflage
1, gelatinous body 1
a: Evoke Flight


You were in an ossuary.
You were very hungry.

You visited 2 branches of the dungeon, and saw 8 of its levels.
You also visited: Ossuary.

You collected 234 gold pieces.

Inventory:

Hand Weapons
 v - a +1 dagger of venom
Missiles
 o - 2 throwing nets (quivered)
Armour
 a - a +0 shield
Magical Staves
 y - an uncursed staff of air (weapon)
Jewellery
 h - a ring of fire (left tentacle)
 j - a ring of flight (right tentacle)
 l - an uncursed ring of ice
 w - a ring of positive energy (on tentacle)
Scrolls
 d - 2 scrolls of enchant armour {unknown}
 f - 4 scrolls of remove curse {unknown}
 g - 5 scrolls of enchant weapon {unknown}
 k - 5 scrolls of amnesia {unknown}
 p - 5 scrolls of identify {unknown}
 q - 2 scrolls of teleportation {unknown}
 s - a scroll of random uselessness {unknown}
 u - 2 scrolls of blinking {unknown}
 z - a scroll of fog {unknown}
Potions
 c - 2 potions of heal wounds {unknown}
 e - 4 potions of curing {unknown}
 i - a potion of flight {unknown}
 m - a potion of mutation {unknown}
 n - a potion of agility {unknown}
 r - a potion of brilliance {unknown}
 t - 4 potions of lignification {unknown}
 x - a potion of invisibility {unknown}
 A - a potion of ambrosia {unknown}
Comestibles
 b - 12 rations


   Skills:
 - Level 2.0 Dodging
 - Level 2.6 Stealth
 + Level 6.5 Spellcasting
 + Level 6.8 Conjurations
 + Level 7.5 Fire Magic


You had 8 spell levels left.
You knew the following spells:

 Your Spells              Type           Power        Failure   Level  Hunger
a - Flame Tongue          Conj/Fire      #####        1%          1    None
b - Conjure Flame         Conj/Fire      ######..     1%          3    #......
c - Sticky Flame          Conj/Fire      ######..     4%          4    ###....
d - Fireball              Conj/Fire      ######....   13%         5    #####..

Your spell library contained the following spells:

 Spells                   Type           Power        Failure   Level  Hunger
 Throw Flame              Conj/Fire      ######       1%          2    None
 Throw Frost              Conj/Ice       ###...       3%          2    None
 Inner Flame              Hex/Fire       ####....     6%          3    #......
 Freeze                   Ice            #...         10%         1    None
 Throw Icicle             Conj/Ice       ###.....     22%         4    ###....
 Ozocubu's Armour         Chrm/Ice       #.......     28%         3    #......
 Summon Ice Beast         Ice/Summ       #.......     67%         4    ###....


Dungeon Overview and Level Annotations

Branches:
Dungeon (7/15)             Temple (1/1) D:4

Altars:
Ashenzari
Cheibriados
Dithmenos
Elyvilon
Fedhas
Gozag
Hepliaklqana
Kikubaaqudgha
Makhleb
Nemelex Xobeh
Okawaru
Qazlal
Ru
Sif Muna
Trog
Uskayaw
Wu Jian
Xom
Yredelemnul
Zin
The Shining One

Shops:
D:5 =

Annotations:
D:6 2 transporters, Cynry's ghost, novice OpFi


Innate Abilities, Weirdness & Mutations

You cannot wear most types of armour.
You are very stealthy in the water. (Stealth+)
You are amphibious.
You can wear up to eight rings at the same time.
You can use your tentacles to constrict eight enemies at once.
Your skin changes colour to match your surroundings (Stealth+).
Your rubbery body absorbs attacks. (AC +1, EV +1)


Message History

The hobgoblin zombie hits you.
An orc zombie comes into view.
You hit the kobold zombie. You grab the kobold zombie.
The kobold zombie is moderately damaged.
You constrict the kobold zombie. The kobold zombie barely misses you.
The hobgoblin zombie hits you.
You release your grip on the kobold zombie.
The elf zombie hits you. The kobold zombie hits you.
A rat zombie comes into view.
The kobold zombie barely misses you.
You barely miss the orc zombie. Your grab misses the orc zombie.
The orc zombie hits you. The kobold zombie barely misses you.
The elf zombie hits you. The orc zombie barely misses you.
The rat zombie bites you but does no damage.
The rat zombie closely misses you. The mummy hits you!
* * * LOW HITPOINT WARNING * * *
The mummy hits you!
You die...

▒···▒ ▒· ▒···▒ ▒·
▒···▒ ▒· ▒···▒ ▒·
▒···▒ ▒····· ▒·
▒···▒ ▒···· ▒·
▒···▒ ▒▒···· ▒Z
▒···▒ ···· ▒Z ▒·@M▒
▒·^▒ ▒· ▒···▒ ▒^^▒
▒Z ▒·Z·▒ ▒·^▒ ▒·
▒···▒▒▒▒▒▒·^▒▒▒▒▒▒Z
▒···Z··Z·ZZ··Z·····
▒···ZZ···8··8······
▒····Z··Z··········
▒··················
▒▒▒▒▒▒▒▒▒▒▒▒▒▒▒▒▒▒▒


You could see a mummy, a rat zombie, a hobgoblin zombie, an orc zombie and 2 elf
zombies.

Vanquished Creatures
  Sigmund (D:3)
  Edmund (D:5)
  Duvessa (D:5)
  An orc warrior (D:6)
  An eye of draining (D:3)
  An ogre (D:5)
  3 phantoms
  A centaur (D:5)
  3 bullfrogs
  Dowan (D:5)
  A howler monkey (D:4)
  3 crimson imps
  A centaur zombie (Ossuary)
  A hound (D:7)
  A centaur skeleton (D:4)
  2 orc priests
  2 jellies
  2 orc wizards
  Jessica (D:3)
  5 worker ants
  A mummy (Ossuary)
  8 gnolls
  5 adders
  A shadow imp (D:7)
  6 worms
  2 dart slugs
  2 leopard geckos (D:3)
  21 orcs
  5 bats
  11 giant cockroaches
  7 goblins
  5 hobgoblins
  3 jackals (D:1)
  6 quokkas
  3 ball pythons
  6 frilled lizards
  4 hobgoblin zombies (Ossuary)
  A jackal zombie (Ossuary)
  8 kobolds
  7 kobold zombies (Ossuary)
  A leopard gecko skeleton (D:4)
  9 orc zombies (Ossuary)
  A quokka skeleton (D:5)
  A quokka zombie (D:4)
  10 rats
167 creatures vanquished.

Vanquished Creatures (others)
  5 plants (D:6)
5 creatures vanquished.

Grand Total: 172 creatures vanquished

Notes
Turn   | Place    | Note
-------+----------+-------------------------------------------
     0 | D:1      | Azzok the Octopode Fire Elementalist began the quest for
                  | the Orb.
     0 | D:1      | Reached XP level 1. HP: 11/11 MP: 3/3
    42 | D:1      | Reached XP level 2. HP: 8/17 MP: 0/5
   858 | D:1      | Reached XP level 3. HP: 18/21 MP: 6/6
   863 | D:1      | Learned a level 3 spell: Conjure Flame
  1631 | D:2      | Reached XP level 4. HP: 27/27 MP: 0/8
  2506 | D:3      | Learned a level 4 spell: Sticky Flame
  2739 | D:3      | Reached skill level 4 in Fire Magic
  2739 | D:3      | Reached XP level 5. HP: 16/31 MP: 1/9
  3123 | D:3      | Noticed a phantom
  3135 | D:3      | Killed a phantom
  3227 | D:3      | Reached XP level 6. HP: 36/36 MP: 11/11
  3756 | D:3      | Found a bloodstained altar of Trog.
  3756 | D:3      | Noticed an eye of draining
  3774 | D:3      | Killed an eye of draining
  3900 | D:3      | Noticed Jessica
  3902 | D:3      | Killed Jessica
  4173 | D:3      | Noticed Sigmund
  4178 | D:3      | Killed Sigmund
  4178 | D:3      | Reached skill level 5 in Fire Magic
  4178 | D:3      | Reached XP level 7. HP: 28/41 MP: 5/13
  4242 | D:3      | Learned a level 5 spell: Fireball
  4392 | D:4      | Found a staircase to the Ecumenical Temple.
  4718 | Temple   | Entered the Ecumenical Temple
  5163 | D:4      | Found a white marble altar of Elyvilon.
  5589 | D:5      | Entered Level 5 of the Dungeon
  5712 | D:5      | Reached skill level 5 in Spellcasting
  5712 | D:5      | Reached skill level 5 in Conjurations
  5712 | D:5      | Reached XP level 8. HP: 46/46 MP: 6/15
  5772 | D:5      | Reached skill level 6 in Fire Magic
  6099 | D:5      | Found Ygyuw's Jewellery Boutique.
  6134 | D:5      | Noticed Edmund
  6162 | D:5      | Killed Edmund
  6369 | D:5      | Noticed Duvessa
  6531 | D:5      | Noticed Dowan
  6612 | D:5      | Killed Duvessa
  6622 | D:5      | Killed Dowan
  7057 | D:6      | Found a transporter.
  7058 | D:6      | Found a transporter.
  7067 | D:6      | Noticed Cynry's ghost (novice OpFi)
  7068 | D:6      | Found the brooch of Shielding {Reflect SH+8}
  7561 | D:6      | Reached skill level 7 in Fire Magic
  7647 | D:6      | Reached XP level 9. HP: 36/51 MP: 14/18
  8215 | D:7      | Found a sand-covered staircase.
  8266 | Ossuary  | Entered an ossuary
  8632 | Ossuary  | Mangled by a mummy

Levels and vault maps discovered:
D:1:      saegor_arrival_simple_e, layout_loops_ring, minmay_worlds_worst_comb
D:2:      wad_woods_tower, layout_basic
D:3:      layout_loops_ring, trog_eyes_of_draining, uniq_sigmund, uniq_jessica
D:4:      layout_basic, minmay_temple_entry_water_ring, elyvilon_altar_3
D:5:      layout_basic, first_ration, serial_shops,
          nicolae_shop_competitors_out_of_business, uniq_duvessa, uniq_edmund
D:6:      layout_rooms, gammafunk_ghost_gnarly_gnolls
D:7:      minmay_cornered_nines, layout_loops_ring, chequers_ossuary_entry_cave
Temple:   compressed_dpeg_circular_temple
Ossuary:  ossuary_tomb_1

Skill      XL: |  1  2  3  4  5  6  7  8 |
---------------+-------------------------+-----
Conjurations   | 2 3 4 5 6 |  6.8
Spellcasting   | 3 4 5 6 |  6.5
Fire Magic     | 4 5 7 |  7.5
Dodging        | |  2.0
Stealth        | |  2.6

Action                   |  1- 3 |  4- 6 |  7- 9 || total
-------------------------+-------+-------+-------++-------
Melee: Unarmed           |    66 |    14 |       ||    80
       Constrict         |    16 |     2 |     8 ||    26
       Tentacles         |    13 |     4 |     6 ||    23
       Dagger            |       |       |    18 ||    18
       Staff             |       |       |    22 ||    22
 Cast: Flame Tongue      |    47 |   112 |   202 ||   361
       Sticky Flame      |       |     1 |    13 ||    14
       Conjure Flame     |       |       |     2 ||     2
 Stab: Sleeping          |     6 |     1 |       ||     7
  Eat: Chunk             |     3 |     7 |    15 ||    25
Armor: Skin              |     4 |     4 |     2 ||    10
Dodge: Dodged            |    62 |    19 |    74 ||   155

Table legend:
 A = Non-vault XP
 B = Vault XP
 C = Vault XP percentage of total XP
 D = Non-vault monster count
 E = Vault monster count
 F = Vault count percentage of total count
                 A         B        C        D         E       F
            +---------+---------+-------+---------+---------+-------
      Total |    2030 |     920 |  31.2 |     125 |      42 |  25.1
            +---------+---------+-------+---------+---------+-------
        D:1 |      39 |      10 |  20.4 |      24 |       5 |  17.2
        D:2 |      57 |      37 |  39.4 |      18 |       6 |  25.0
        D:3 |     236 |     395 |  62.6 |      34 |       5 |  12.8
        D:4 |     286 |       0 |   0.0 |      17 |       0 |   0.0
        D:5 |     392 |     394 |  50.1 |      11 |       3 |  21.4
        D:6 |     571 |       0 |   0.0 |      11 |       0 |   0.0
        D:7 |     449 |       0 |   0.0 |      10 |       0 |   0.0
    Ossuary |       0 |      84 | 100.0 |       0 |      23 | 100.0
            +---------+---------+-------+---------+---------+-------
